 Dungeon Crawl Stone Soup version 0.24.0-123-gd5b16e6ec5 (webtiles) character file.

Game seed: 1288342805276585120, levelgen mode: deterministic

676 Froggeryz the Chiller (level 7, 0/55 HPs)
             Began as a Naga Ice Elementalist on Dec 27, 2019.
             Slain by an ice beast (2 damage)
             ... on level 5 of the Dungeon on Dec 28, 2019.
             The game lasted 00:08:23 (4226 turns).

Froggeryz the Chiller (Naga Ice Elementalist)       Turns: 4226, Time: 00:08:24

Health: 0/55       AC:  5    Str: 10    XL:     7   Next: 60%
Magic:  10/10      EV: 10    Int: 18    God:
Gold:   233        SH:  0    Dex: 11    Spells: 6/10 levels left

rFire    . . .     SeeInvis +   l - +2 hunting sling (freeze)
rCold    . . .     Gourm    .   (no shield)
rNeg     . . .     Faith    .   a - +0 robe
rPois    +         Spirit   .   (no helmet)
rElec    .         Reflect  .   y - +0 cloak
rCorr    .         Harm     .   d - +0 pair of gloves
MR       .....                  (no barding)
Stlth    ++........             (no amulet)
HPRegen  0.18/turn              (no ring)
MPRegen  0.12/turn              (no ring)

@: very slow
A: large, see invisible, deformed body, poison resistance, slowness 2, slow
metabolism 1, spit poison 1, AC +2
a: Spit Poison


You were on level 5 of the Dungeon.
You were not hungry.

You visited 1 branch of the dungeon, and saw 5 of its levels.

You collected 288 gold pieces.
You spent 55 gold pieces at shops.

Inventory:

Hand Weapons
 l - a +2 hunting sling of freezing (weapon)
Missiles
 j - 11 stones (quivered)
Armour
 a - a +0 robe (worn)
 d - a +0 pair of gloves (worn)
 s - a +2 leather armour of magic resistance
 y - a +0 cloak (worn)
Jewellery
 r - an uncursed amulet of rage
Wands
 q - a wand of random effects (6)
 t - a wand of acid (8)
 v - a wand of digging (6)
Scrolls
 e - a scroll of noise {unknown}
 g - 6 scrolls of remove curse
 i - 2 scrolls of immolation {unknown}
 k - 3 scrolls of identify {unknown}
 o - a scroll of fog {unknown}
 p - a scroll of amnesia {unknown}
 w - a scroll of teleportation {unknown}
 x - a scroll of enchant weapon {unknown}
Potions
 f - a potion of curing
 h - 4 potions of haste
 m - 2 potions of degeneration {unknown}
 n - a potion of lignification {unknown}
 u - a potion of might {unknown}
Comestibles
 c - 7 rations


   Skills:
 - Level 1.5 Dodging
 - Level 3.0 Stealth
 - Level 2.0 Spellcasting
 + Level 4.7 Conjurations
 - Level 5.3 Ice Magic
 - Level 4.4 Air Magic


You had 6 spell levels left.
You knew the following spells:

 Your Spells              Type           Power        Failure   Level  Hunger
a - Freeze                Ice            ###.         1%          1    #......
b - Mephitic Cloud        Conj/Pois/Air  ##......     16%         3    ###....

Your spell library contained the following spells:

 Spells                   Type           Power        Failure   Level  Hunger
 Magic Dart               Conj           ###.         2%          1    #......
 Throw Frost              Conj/Ice       ###...       3%          2    ###....
 Ensorcelled Hibernation  Hex/Ice        ##....       9%          2    ###....
 Animate Skeleton         Necr           N/A          19%         1    #......
 Confusing Touch          Hex            #.....       19%         1    #......
 Corona                   Hex            #......      19%         1    #......
 Pain                     Necr           #...         19%         1    #......
 Ozocubu's Armour         Chrm/Ice       ##......     19%         3    ###....
 Conjure Flame            Conj/Fire      ##......     21%         3    ###....
 Dazzling Spray           Conj/Hex       ##....       21%         3    ###....
 Throw Icicle             Conj/Ice       ###.....     22%         4    #####..
 Blink                    Tloc           N/A          26%         2    ###....
 Call Imp                 Summ           #.......     26%         2    ###....
 Slow                     Hex            #.......     26%         2    ###....
 Confuse                  Hex            #.......     47%         3    ###....
 Gell's Gravitas          Tloc           #.........   47%         3    ###....
 Regeneration             Chrm/Necr      #.........   47%         3    ###....
 Tukima's Dance           Hex            #.......     47%         3    ###....
 Vampiric Draining        Necr           #.........   47%         3    ###....
 Summon Ice Beast         Ice/Summ       ##......     52%         4    #####..
 Metabolic Englaciation   Hex/Ice        ##........   86%         5    ######.
 Animate Dead             Necr           N/A          87%         4    #####..
 Petrify                  Tmut/Erth      #.......     87%         4    #####..
 Yara's Violent Unravell  Hex/Tmut       #.........   99%         5    ######.


Dungeon Overview and Level Annotations

Branches:
Dungeon (5/15)
 Temple: D:4-7

Altars:
Fedhas
Kikubaaqudgha
Nemelex Xobeh
Trog

Shops:
D:4 }[!*

Annotations:
D:2 1 runed translucent door, Crazy Yiuf


Innate Abilities, Weirdness & Mutations

You cannot wear boots.
Your serpentine skin is tough. (AC +2)
You have supernaturally acute eyesight. (SInv)
Armour fits poorly on your strangely shaped body.
Your system is resistant to poisons. (rPois)
You cover ground very slowly.
You have a slow metabolism.
You can spit poison.


Message History

Aim: an ice beast (almost dead)
You shoot a stone. The stone barely misses the ice beast.
The ice beast misses you.
Firing (i - inventory)
j - 13 stones (quivered)
Press: ? - help, Shift-Dir - straight line, f/p - ice beast
Aim: an ice beast (almost dead)
You shoot a stone. The stone hits the ice beast.
The ice beast is almost dead.
The ice beast hits you.
* * * LOW HITPOINT WARNING * * *
The ice beast freezes you!
* * * LOW HITPOINT WARNING * * *
The ice beast hits you but does no damage.
Unknown command.
Firing (i - inventory)
j - 12 stones (quivered)
Press: ? - help, Shift-Dir - straight line, f/p - ice beast
Aim: an ice beast (almost dead)
You shoot a stone. The stone barely misses the ice beast.
The ice beast hits you.
You die...

# #.#####
#(.(.(#
((.((.###.#
####. #Y# #
#@# ###


You could see an ice beast.

Vanquished Creatures
  Sigmund (D:4)
  A scorpion (D:4)
  A howler monkey (D:4)
  A crimson imp (D:4)
  4 orc priests
  A hound (D:4)
  2 orc wizards (D:4)
  Ijyb (D:4)
  6 adders
  An ooze (D:3)
  5 worms
  A dart slug (D:4)
  3 leopard geckos (D:2)
  11 orcs
  6 bats
  A giant cockroach (D:2)
  12 hobgoblins
  A jackal (D:2)
  7 kobolds
  A quokka (D:3)
  7 frilled lizards
  11 goblins
  12 rats
97 creatures vanquished.

Notes
Turn   | Place    | Note
-------+----------+-------------------------------------------
     0 | D:1      | Froggeryz the Naga Ice Elementalist began the quest for the
                  | Orb.
     0 | D:1      | Reached XP level 1. HP: 15/15 MP: 3/3
   511 | D:1      | Reached XP level 2. HP: 22/22 MP: 1/5
   852 | D:1      | Reached skill level 4 in Ice Magic
   928 | D:1      | Reached XP level 3. HP: 28/28 MP: 4/6
  1213 | D:2      | Reached XP level 4. HP: 34/36 MP: 5/7
  1279 | D:2      | Found a faded altar of an unknown god.
  1353 | D:2      | Reached skill level 5 in Ice Magic
  1755 | D:2      | Found a runed translucent door.
  1756 | D:2      | Noticed Crazy Yiuf
  1840 | D:2      | You fall into a shaft and drop 1 floor!
  1867 | D:3      | Learned a level 3 spell: Mephitic Cloud
  1911 | D:3      | Found an ancient bone altar of Kikubaaqudgha.
  2341 | D:3      | Reached XP level 5. HP: 42/42 MP: 8/8
  2481 | D:3      | Reached skill level 1 in Air Magic
  2517 | D:3      | Noticed a moth of wrath
  2520 | D:3      | Found a bloodstained altar of Trog.
  3145 | D:4      | Noticed Ijyb
  3152 | D:4      | Killed Ijyb
  3152 | D:4      | Reached XP level 6. HP: 42/49 MP: 6/9
  3246 | D:4      | Found a blossoming altar of Fedhas.
  3283 | D:4      | Found Guere's Gadget Boutique.
  3304 | D:4      | Found Safuavest's Distillery.
  3310 | D:4      | Bought a potion of heal wounds for 55 gold pieces
  3318 | D:4      | Found Zeiraer's General Store.
  3429 | D:4      | Noticed Sigmund
  3440 | D:4      | Killed Sigmund
  3440 | D:4      | Reached XP level 7. HP: 27/55 MP: 10/10
  3603 | D:4      | Found Cazuh's Armour Emporium.
  3850 | D:4      | Found a sparkling altar of Nemelex Xobeh.
  4197 | D:5      | Entered Level 5 of the Dungeon
  4225 | D:5      | HP: 2/55 [ice beast (11)]
  4226 | D:5      | Slain by an ice beast

Levels and vault maps discovered:
D:1:      lordsloth_arrival_two_stooges, layout_loops_corners
D:2:      layout_loops_ring, chequers_ecumenical_altar_simple_redux,
          minmay_hedge_maze, kennysheep_generic_room_11, uniq_crazy_yiuf_cottage
D:3:      layout_rooms, lemuel_round_altar, tgw_trog, minmay_misc_feat_doors,
          minmay_fountain_box
D:4:      cheibrodos_helix_gallery, layout_cave_pods, lemuel_doored_altar,
          first_ration, serial_shops, kennysheep_mini, shop,
          nicolae_shop_crystal, shop, nemelex_diamond_rough_becter, uniq_ijyb,
          uniq_sigmund
D:5:      layout_basic, grunt_temple_overflow_order_and_chaos_1, serial_undead,
          serial_undead_e, serial_undead_d, serial_undead_f, serial_undead_b,
          serial_undead_f, grunt_ministairs_15, st_stairs_1

Skill      XL: |  1  2  3  4  5  6 |
---------------+-------------------+-----
Ice Magic      | 4 5 |  5.3
Air Magic      | 2 4 |  4.4
Conjurations   | 2 4 |  4.7
Dodging        | |  1.5
Stealth        | |  3.0
Spellcasting   | |  2.0

Action                   |  1- 3 |  4- 6 |  7- 9 || total
-------------------------+-------+-------+-------++-------
Melee: Unarmed           |    18 |       |       ||    18
 Fire: Hunting sling     |    41 |    97 |    36 ||   174
 Cast: Freeze            |    34 |    46 |    11 ||    91
 Abil: Spit Poison       |    10 |    18 |     2 ||    30
  Use: Scroll            |       |     1 |       ||     1
       Potion            |       |       |     2 ||     2
  Eat: Chunk             |     1 |     8 |     2 ||    11
Armor: Robe              |     7 |     7 |     8 ||    22
Dodge: Dodged            |    19 |    15 |    13 ||    47
